 Dungeon Crawl Stone Soup version 0.27-a0-1193-g8631133539 (webtiles) character file.

Game seed: 15821803002059160282

56 EnegeticOcto the Magician (level 4, -1/31 HPs)
             Began as a Djinni Earth Elementalist on May 25, 2021.
             Slain by an orc
             ... wielding a +0 trident
              (5 damage)
             ... on level 4 of the Dungeon.
             The game lasted 00:01:20 (201 turns).

EnegeticOcto the Magician (DjEE)                     Turns: 201, Time: 00:01:20

Health: -1/31      AC:  2    Str:  7    XL:     4   Next: 17%
Gold:   0          EV: 12    Int: 17    God:
                   SH:  0    Dex: 14

rFire    + + .     SeeInvis .   f - staff of cold
rCold    . . .     Faith    .   (no shield)
rNeg     . . .     Spirit   .   c - +0 robe
rPois    ∞         Reflect  .   (no helmet)
rElec    .         Harm     .   (no cloak)
rCorr    .         Rampage  .   (no gloves)
Will     .....                  (boots unavailable)
Stlth    ++........             (no amulet)
HPRegen  0.10/turn              (no ring)
MPRegen  0.00/turn              (no ring)

@: flying
A: sickness immunity, fire resistance 2, cold vulnerability 1, float, innate
caster, hp casting, extra vitality 1
a: no special abilities


You were on level 4 of the Dungeon.
You visited 1 branch of the dungeon, and saw 4 of its levels.

Inventory:

Missiles
 a - 13 poisoned darts
Armour
 c - a +0 robe (worn)
Magical Staves
 f - a staff of cold (weapon)
   (You found it on level 4 of the Dungeon)
Scrolls
 e - a scroll of teleportation {unknown}


   Skills:
 - Level 2.1 Dodging
 - Level 1.5 Stealth
 + Level 3.7 Spellcasting


You couldn't memorise any spells.
You knew the following spells:

 Your Spells              Type           Power      Damage    Failure   Level
a - Sandblast             Erth           30%        2d9       3%          1
b - Stone Arrow           Conj/Erth      30%        3d8       11%         3
c - Petrify               Tmut/Erth      15%        N/A       34%         4
d - Lee's Rapid Deconstr  Erth           7%         3d8*      69%         5
e - Pain                  Necr           60%        1d7       3%          1
p - Passwall              Tmut/Erth      12%        N/A       5%          2
Your spell library was empty.

Dungeon Overview and Level Annotations

Branches:
Dungeon (4/15)             Temple (0/1) D:4

Altars:


Innate Abilities, Weirdness & Mutations

You are immune to sickness and miasma.
You are immune to poison.
Your flesh is very heat resistant. (rF++)
You are vulnerable to cold. (rC-)
You float through the air rather than walking.
You learn spells naturally, not from books.
Your magical power is your life essence.
You have superior vitality. (+4 HP)


Message History

Press: ? - help, Shift-Dir - straight line, f/p - orc priest
Aim: an orc priest, wielding a +0 flail (heavily wounded, 79% to hit)
The blast of sand hits the orc priest!
You kill the orc priest!
* * * LOW HITPOINT WARNING * * *
You have reached level 4!
You feel agile.
Things that are here:
a +0 flail; an orc corpse 3 orcs come into view.
The orc shouts!
There is an open door here.
Casting: Sandblast (safe; 3% risk of failure)
Confirm with . or Enter, or press ? or * to list all spells.
Aiming: Sandblast (safe; 3% risk of failure)
Press: ? - help, Shift-Dir - straight line, f - you That would be overly suicidal.
Okay, then.
Unknown command.
Casting: Sandblast (safe; 3% risk of failure)
Confirm with . or Enter, or press ? or * to list all spells.
Aiming: Sandblast (safe; 3% risk of failure)
Press: ? - help, Shift-Dir - straight line, f - orc
Aim: an orc, wielding a +0 trident and wearing a +0 ring mail (82% to hit)
The blast of sand hits the orc but does no damage.
* * * LOW HITPOINT WARNING * * *
Casting: Sandblast (safe; 3% risk of failure)
Confirm with . or Enter, or press ? or * to list all spells.
Aiming: Sandblast (safe; 3% risk of failure)
Press: ? - help, Shift-Dir - straight line, f/p - orc
Aim: an orc, wielding a +0 trident and wearing a +0 ring mail (82% to hit)
The blast of sand misses the orc.
* * * LOW HITPOINT WARNING * * *
An orc comes into view. It is wielding a +0 hand axe.
The orc hits you from afar with a +0 trident.
* * * LOW HITPOINT WARNING * * *
There is an open door here.
You hear the slow hiss of a very distant avalanche of sand.
There is an open door here.
Casting: Sandblast (safe; 3% risk of failure)
Confirm with . or Enter, or press ? or * to list all spells.
Aiming: Sandblast (safe; 3% risk of failure)
Press: ? - help, Shift-Dir - straight line, f - orc
Aim: an orc, wielding a +0 club and wearing a +0 leather armour (79% to hit)
The blast of sand hits the orc.
The orc is severely wounded.
* * * LOW HITPOINT WARNING * * *
Casting: Sandblast (safe; 3% risk of failure)
Confirm with . or Enter, or press ? or * to list all spells.
Aiming: Sandblast (safe; 3% risk of failure)
Press: ? - help, Shift-Dir - straight line, f/p - orc
Aim: an orc, wielding a +0 club and wearing a +0 leather armour (severely wounded, 79% to hit)
The blast of sand hits the orc!
You kill the orc!
* * * LOW HITPOINT WARNING * * *
Found an escape hatch in the ceiling.
You see here a brown potion.
It was a potion of curing.
You feel better. The orc misses you.
The orc shouts!
Found 15 gold pieces.
You see here 15 gold pieces.
The orc barely misses you.
You reach down and open the door.
The orc completely misses you. The orc hits you with a +0 hand axe.
* * * LOW HITPOINT WARNING * * *
Found a scroll labelled SIUREC LUH.
The orc misses you.
There is an open door here.
Found a staircase to the Ecumenical Temple.
Casting: Sandblast (safe; 3% risk of failure)
Confirm with . or Enter, or press ? or * to list all spells.
Aiming: Sandblast (safe; 3% risk of failure)
Press: ? - help, Shift-Dir - straight line, f - orc
Aim: an orc, wielding a +0 hand axe and wearing a +0 ring mail (82% to hit)
The blast of sand hits the orc.
The orc is severely wounded.
* * * LOW HITPOINT WARNING * * *
The orc misses you. The orc barely misses you.
Casting: Sandblast (safe; 3% risk of failure)
Confirm with . or Enter, or press ? or * to list all spells.
Aiming: Sandblast (safe; 3% risk of failure)
Press: ? - help, Shift-Dir - straight line, f/p - orc
Aim: an orc, wielding a +0 hand axe and wearing a +0 ring mail (heavily wounded, 82% to hit)
The blast of sand hits the orc but does no damage.
The orc is heavily wounded.
* * * LOW HITPOINT WARNING * * *
The orc barely misses you. x2
Casting: Sandblast (safe; 3% risk of failure)
Confirm with . or Enter, or press ? or * to list all spells.
Aiming: Sandblast (safe; 3% risk of failure)
Press: ? - help, Shift-Dir - straight line, f/p - orc
Aim: an orc, wielding a +0 hand axe and wearing a +0 ring mail (heavily wounded, 82% to hit)
The blast of sand hits the orc but does no damage.
The orc is heavily wounded.
You now have no stones remaining.
* * * LOW HITPOINT WARNING * * *
The orc hits you with a +0 hand axe.
* * * LOW HITPOINT WARNING * * *
The orc hits you from afar with a +0 trident.
You die...

...........,,,,,,,,,,,,*,,,,,,,,,
...........,,,,,,,,,,,,*,,,******
.........#*******,,,,,**,,,*,,,,,
.........#,,,,,,*,,,,,*,,,,*,,,,,
.........#,,,,,,*,,,,,*,,,,*,,,,,
.........#,,,,,,*,,,,,*,,,,*,,,,,
.........###,,,,*,,,,,*+****,,,,,
'###.......####+###,,,,,,,,,,,,,*
.).#.......##.oo@.#,,,,,,,,,,,,,*
...#........#o###.#,,,,,,,,,,,,,+
...#........'.+>#.+,,,,,,,,,,,,,*
...#....$..##.###.#,,,,,,,,,,,,,*
...#.......##...?.#,,,,,,,,,,,,,*
...#.......####+###,,,,,,,,***+**
o..#.......#,,,,,,,,,,,,,,,+,,,,*
o..#.......#,***,,,,,,,,,,,*,,,,*
...#.....###,****+*,,>,,,,,*,,,,*


You could see 3 orcs.

Vanquished Creatures
  An orc priest (D:4)
  An adder (D:4)
  A dart slug (D:2)
  An orc (D:4)
  A ball python (D:4)
  An endoplasm (D:1)
  2 giant cockroaches
  A hobgoblin (D:3)
  A quokka (D:3)
  3 bats
  A goblin (D:2)
  A kobold (D:2)
  2 rats
17 creatures vanquished.

Notes
Turn   | Place    | Note
-------+----------+-------------------------------------------
     0 | D:1      | EnegeticOcto the Djinni Earth Elementalist began the quest
                  | for the Orb.
     0 | D:1      | Reached XP level 1. HP: 15/15 MP: 0/0
    66 | D:2      | Reached XP level 2. HP: 14/21 MP: 0/0
   104 | D:3      | Reached skill level 3 in Spellcasting
   113 | D:4      | Reached XP level 3. HP: 6/25 MP: 0/0
   113 | D:4      | Learned a level 1 spell: Pain
   149 | D:4      | Reached XP level 4. HP: 7/31 MP: 0/0
   195 | D:4      | Found a staircase to the Ecumenical Temple.
   201 | D:4      | Slain by an orc

Illustrated notes

Levels and vault maps discovered:
D:1:      saegor_arrival_miasma, layout_loops_ring, basic_ecumenical_altar,
          minmay_gold_behind_fungi, palyth_stone_intersect, minivault_24
D:2:      layout_loops_ring, minivault_19
D:3:      layout_loops_cross, st_stairs_2
D:4:      layout_gridville, minmay_temple_entry_glassed_door,
          lightli_ossuary_entry_decrepit_ruins, st_stairs_12, minivault_1,
          uniq_natasha

Skill      XL: |  1  2 |
---------------+-------+-----
Spellcasting   | 3 |  3.7
Dodging        | |  2.1
Stealth        | |  1.5

Action                   |  1- 3 |  4- 6 || total
-------------------------+-------+-------++-------
 Cast: Sandblast         |    23 |     7 ||    30
  Use: Scroll            |     1 |       ||     1
       Potion            |       |     1 ||     1
Armor: Robe              |     1 |       ||     1
Dodge: Dodged            |     7 |     8 ||    15

Table legend: (Time is in decaauts)
 A = Elapsed time spent in this place.
 B = Non-inter-level travel time spent in this place.
 C = Inter-level travel time spent in this place.
 D = Time resting spent in this place.
 E = Time spent auto-exploring this place.
 F = Levels seen in this place.
 G = Mean time per level.
                   A        B        C        D        E       F      G
               +--------+--------+--------+--------+--------+-----+--------+
         Total |    201 |    193 |      8 |      0 |      0 |   4 |   50.2 |
       Dungeon |    201 |    193 |      8 |      0 |      0 |   4 |   50.2 |
               +--------+--------+--------+--------+--------+-----+--------+

Top non-repeatable levels by time:
     D:4: 86 daAuts
     D:1: 55 daAuts
     D:2: 46 daAuts
     D:3: 13 daAuts
